 Dungeon Crawl Stone Soup version 0.29-a0-722-g64f5989226 (webtiles) character file.

Game seed: 17276908513255693995

689079 Morbidden the Sorcerer (level 27, -43/265 HPs)
             Began as a Demonspawn Conjurer on June 5, 2022.
             Was a High Priest of Cheibriados.
             Killed from afar by a Brimstone Fiend (44 damage)
             ... with damnation
             ... summoned by Asmodeus
             ... on level 7 of Gehenna on July 1, 2022.
             The game lasted 04:02:39 (77802 turns).

Morbidden the Sorcerer (Demonspawn Conjurer)       Turns: 77802, Time: 04:02:39

Health: -43/265    AC: 49    Str: 26 (30) XL:     27
Magic:  0/67       EV: 23    Int: 42 (43) God:    Cheibriados [*****.]
Gold:   8177       SH: 39    Dex: 29 (30) Spells: 32/70 levels left

rFire   + + +      SeeInvis +   b - +11 dagger of Dishonesty {flame, rElec MP+9 Stlth+}
rCold   . . .      Faith    .   p - +18 shield of the Gong {rElec rN+ Will+ EV-5}
rNeg    + + .      Spirit   +   (body armour currently unavailable)
rPois   ∞          Reflect  +   B - +2 helmet {SInv}
rElec   +          Harm     .   (cloak unavailable)
rCorr   +          Rampage  .   (gloves currently unavailable)
Will    ++++.                   (boots currently unavailable)
Stlth   +++++++...              W - amulet "Amaurry" {Reflect rF+++ SH+5}
HPRegen 0.54/turn               s - ring of Equilibrium {rCorr MP+9 Str+3 Int+2 Dex+4}
MPRegen 0.80/turn               S - ring of the Tortoise {AC+8}

@: mighty, statue-form, studying Stealth, unable to read, unable to drink, very
slow
A: slow and powerful, torment resistance 1, boosted hp, yellow scales 3, powered
by death 3, augmentation 3, magic shield, magic regeneration, magic link,
weakness stinger 3, strong-willed 1, strong 1, wild magic 1, inability to drink
while threatened 1, MP-powered wands
}: 3/15 runes: decaying, silver, gossamer
a: End Transformation, Renounce Religion, Bend Time, Temporal Distortion,
Slouch, Step From Time


You were on level 7 of Gehenna.
You worshipped Cheibriados.
Cheibriados was extremely pleased with you.
You were a living statue of rough stone.
You visited 14 branches of the dungeon, and saw 60 of its levels.
You visited the Abyss 3 times.
You also visited: Gauntlet, Volcano and Wizlab.

You collected 10880 gold pieces.
You spent 2703 gold pieces at shops.

Inventory:

Hand Weapons
 a - a +3 demon trident of electrocution
 b - the +11 dagger of Dishonesty (weapon) {flame, rElec MP+9 Stlth+}
   (You found it on level 9 of the Dungeon)

   It burns those it strikes, dealing additional fire damage.
   rElec:     It insulates you from electricity.
   MP:        It affects your magic capacity (+9).
   Stlth:     It makes you more stealthy.
 j - a +5 scimitar of flaming
Missiles
 h - 20 curare-tipped darts (quivered)
 J - a throwing net
 R - 6 javelins
 V - 12 silver javelins
Armour
 p - the +18 shield of the Gong (worn) {rElec rN+ Will+ EV-5}
   (You found it on level 2 of the Depths)

   It is deafeningly noisy when blocking attacks.
   EV:        It affects your evasion (-5).
   rElec:     It insulates you from electricity.
   rN:        It protects you from negative energy.
   Will:      It increases your willpower.
 B - a +2 helmet of see invisible (worn)
 D - the +1 ring mail "Xabuas" (melded) {rC++ Slay+3 SInv Stlth+}
   (You found it on level 4 of the Dungeon)

   Slay:      It affects your accuracy & damage with ranged weapons and melee
   (+3).
   rC:        It greatly protects you from cold.
   SInv:      It lets you see invisible.
   Stlth:     It makes you more stealthy.
 F - a +2 pair of gloves of strength (melded)
 N - +0 gold dragon scales
 X - the +0 pair of boots of Boredom (melded) {Fly Str+5}
   (You found it on level 13 of the Dungeon)

   Str:       It affects your strength (+5).
   Fly:       It grants you flight.
Jewellery
 e - the ring of the Traitor {rElec rCorr Int+4}
   (You found it in a wizard's laboratory)

   [ring of resist corrosion]

   Int:       It affects your intelligence (+4).
   rElec:     It insulates you from electricity.
   rCorr:     It protects you from acid and corrosion.
 s - the ring of Equilibrium (left fist) {rCorr MP+9 Str+3 Int+2 Dex+4}
   (You took it off a deep elf demonologist on level 3 of the Elven Halls)

   [ring of magical power]

   Str:       It affects your strength (+3).
   Int:       It affects your intelligence (+2).
   Dex:       It affects your dexterity (+4).
   MP:        It affects your magic capacity (+9).
   rCorr:     It protects you from acid and corrosion.
 x - the ring of the Hare {EV+8}
   (You took it off a vault warden on level 5 of the Vaults)

   [ring of evasion]

   EV:        It affects your evasion (+8).
 z - the ring "Heapru Ceso" {rF+ rC+ rN+ rCorr}
   (You took it off a vault warden on level 5 of the Vaults)

   [ring of protection from fire]

   rF:        It protects you from fire.
   rC:        It protects you from cold.
   rN:        It protects you from negative energy.
   rCorr:     It protects you from acid and corrosion.
 S - the ring of the Tortoise (right fist) {AC+8}
   (You took it off a minotaur in a Gauntlet)

   [ring of protection]

   AC:        It affects your AC (+8).
 W - the amulet "Amaurry" (around neck) {Reflect rF+++ SH+5}
   (You took it off a deep elf high priest on level 3 of the Elven Halls)

   [amulet of reflection]

   It reflects blocked missile attacks.
   rF:        It renders you almost immune to fire.
   SH:        It affects your SH (+5).
 Z - the amulet of Pyromania {Reflect Str+8 SH+5}
   (You found it on level 5 of the Lair of Beasts)

   [amulet of reflection]

   It reflects blocked missile attacks.
   Str:       It affects your strength (+8).
   SH:        It affects your SH (+5).
Wands
 f - a wand of acid (21)
 o - a wand of digging (13)
 y - a wand of mindburst (11)
 A - a wand of flame (98)
 T - a wand of iceblast (39)
Scrolls
 i - 5 scrolls of poison
 k - 5 scrolls of fear
 l - 10 scrolls of enchant armour
 u - 5 scrolls of blinking
 v - 14 scrolls of teleportation
 w - 11 scrolls of magic mapping
 O - 4 scrolls of enchant weapon
 P - 7 scrolls of brand weapon
 Q - 8 scrolls of amnesia
 Y - a scroll of silence
Potions
 c - 15 potions of curing
 d - 13 potions of mutation
 n - a potion of berserk rage
 t - 10 potions of heal wounds
 C - 4 potions of cancellation
 E - 4 potions of resistance
 G - 7 potions of invisibility
 H - 4 potions of ambrosia
 L - 12 potions of might
 M - 4 potions of magic
 U - a potion of brilliance
Miscellaneous
 g - a condenser vane (inert)
 m - a lightning rod (inert)
 q - a tin of tremorstones (inert)
 r - the horn of Geryon (inert)
 I - a box of beasts (inert)
 K - a phantom mirror


   Skills:
 * Level 14.2 Fighting
 + Level 10.2(11.8) Short Blades
 + Level 9.5(11.4) Long Blades
 * Level 6.8 Polearms
 + Level 1.9 Throwing
 + Level 11.8 Armour
 * Level 15.6 Dodging
 + Level 12.6 Stealth
 * Level 14.7 Shields
 + Level 6.1 Unarmed Combat
 * Level 22.0 Spellcasting
 * Level 16.1 Conjurations
 + Level 9.0 Translocations
 + Level 10.0 Transmutations
 * Level 10.8 Fire Magic
 * Level 12.7 Air Magic
 + Level 5.3 Earth Magic
 + Level 10.6 Poison Magic
 + Level 12.2 Invocations
 * Level 9.1 Evocations


You had 32 spell levels left.
You knew the following spells:

 Your Spells              Type           Power      Damage    Failure   Level
a - Airstrike             Air            58%        N/A       1%          4
b - Fireball              Conj/Fire      59%        3d23      1%          5
c - Ignite Poison         Fire/Tmut/Pois 100%       N/A       1%          3
d - Searing Ray           Conj           100%       2d8       1%          2
e - Magic Dart            Conj           100%       1d8       1%          1
f - Sticky Flame          Conj/Fire      100%       2d11      1%          4
h - Manifold Assault      Tloc           100%       N/A       1%          5
s - Statue Form           Tmut/Erth      64%        N/A       9%          6
x - Olgreb's Toxic Radia  Pois           100%       N/A       1%          4
z - Iskenderun's Mystic   Conj/Tloc      100%       2d19      1%          4

Your spell library contained the following spells:

 Spells                   Type           Power      Damage    Failure   Level
 Apportation              Tloc           100%       N/A       1%          1
 Freeze                   Ice            100%       1d11      1%          1
 Necrotize                Necr           100%       1d9       1%          1
 Sandblast                Erth           100%       2d20      1%          1
 Shock                    Conj/Air       100%       1d9       1%          1
 Slow                     Hex            100%       N/A       1%          1
 Sting                    Tmut/Pois      100%       1d8       1%          1
 Summon Small Mammal      Summ           100%       N/A       1%          1
 Blink                    Tloc           100%       N/A       1%          2
 Passwall                 Tmut/Erth      80%        N/A       1%          2
 Poisonous Vapours        Pois/Air       100%       N/A       1%          2
 Scorch                   Fire           100%       2d10      1%          2
 Static Discharge         Conj/Air       100%       N/A       1%          2
 Wereblood                Tmut           100%       N/A       1%          2
 Conjure Flame            Conj/Fire      100%       6-21      1%          3
 Dazzling Flash           Conj/Hex       100%       N/A       1%          3
 Gell's Gravitas          Tloc           100%       N/A       1%          3
 Inner Flame              Hex/Fire       88%        N/A       1%          3
 Lesser Beckoning         Tloc           100%       N/A       1%          3
 Portal Projectile        Hex/Tloc       100%       N/A       1%          3
 Spider Form              Tmut/Pois      100%       N/A       1%          3
 Stone Arrow              Conj/Erth      100%       3d13      1%          3
 Swiftness                Air            100%       N/A       1%          3
 Teleport Other           Tloc           100%       N/A       1%          3
 Corpse Rot               Necr/Pois/Air  98%        N/A       1%          4
 Fulminant Prism          Conj/Hex       49%        3d21      1%          4
 Hailstorm                Conj/Ice       99%        3d19      1%          4
 Passage of Golubria      Tloc           100%       N/A       1%          4
 Petrify                  Tmut/Erth      97%        N/A       1%          4
 Summon Lightning Spire   Summ/Air       92%        N/A       1%          4
 Blade Hands              Tmut           53%        N/A       1%          5
 Freezing Cloud           Conj/Ice/Air   52%        6-21      1%          5
 Irradiate                Conj/Tmut      58%        3d32      1%          5
 Lightning Bolt           Conj/Air       60%        1d83      1%          5
 Conjure Ball Lightning   Conj/Air       60%        3x3d22    1%          6
 Starburst                Conj/Fire      59%        6d16      1%          6
 Ensorcelled Hibernation  Hex/Ice        100%       N/A       2%          2
 Sublimation of Blood     Necr           56%        N/A       2%          2
 Ice Form                 Ice/Tmut       85%        N/A       2%          4
 Eringya's Noxious Bog    Tmut/Pois      53%        N/A       3%          6
 Iron Shot                Conj/Erth      54%        9d10      3%          6
 Call Canine Familiar     Summ           56%        N/A       4%          3
 Confusing Touch          Hex            56%        N/A       4%          3
 Frozen Ramparts          Ice            100%       1d12      4%          3
 Ozocubu's Armour         Ice            56%        N/A       4%          3
 Summon Guardian Golem    Hex/Summ       56%        N/A       4%          3
 Tukima's Dance           Hex            56%        N/A       4%          3
 Vampiric Draining        Necr           56%        2d10      4%          3
 Animate Armour           Summ/Erth      100%       N/A       4%          4
 Leda's Liquefaction      Hex/Erth       36%        N/A       4%          4
 Lee's Rapid Deconstruct  Erth           43%        3d22*     4%          5
 Yara's Violent Unravell  Hex/Tmut       42%        3d17      4%          5
 Dispersal                Tloc           51%        N/A       5%          6
 Storm Form               Tmut/Air       55%        N/A       10%         7
 Anguish                  Hex/Necr       28%        N/A       12%         4
 Animate Dead             Necr           56%        N/A       12%         4
 Cause Fear               Hex            28%        N/A       12%         4
 Dispel Undead            Necr           56%        3d20      12%         4
 Borgnjor's Vile Clutch   Necr/Erth      36%        N/A       12%         5
 Maxwell's Capacitive Co  Air            58%        ∞         36%         8
 Ignition                 Fire           54%        3d15      61%         8
 Death Channel            Necr           28%        N/A       83%         6
 Simulacrum               Ice/Necr       28%        N/A       83%         6
 Summon Cactus Giant      Summ           28%        N/A       83%         6
 Disjunction              Tloc           51%        N/A       85%         8
 Fire Storm               Conj/Fire      59%        8d15      98%         9
 Enfeeble                 Hex            28%        N/A       100%        7
 Haunt                    Necr/Summ      28%        N/A       100%        7
 Ozocubu's Refrigeration  Ice            28%        4d10      100%        7
 Summon Hydra             Summ           28%        N/A       100%        7
 Discord                  Hex            28%        N/A       100%        8
 Infestation              Necr           28%        N/A       100%        8
 Death's Door             Necr           28%        N/A       100%        9
 Dragon's Call            Summ           28%        N/A       100%        9
 Polar Vortex             Ice            28%        N/A       100%        9


Dungeon Overview and Level Annotations

Branches:
Dungeon (15/15)            Temple (1/1) D:4            Lair (6/6) D:11
  Swamp (4/4) Lair:3       Spider (4/4) Lair:2        Slime (0/5) Lair:5
    Orc (2/2) D:11            Elf (3/3) Orc:2        Vaults (5/5) D:13
  Crypt (3/3) Vaults:2       Tomb (1/3) Crypt:3      Depths (4/4) D:15
   Hell (visited)             Dis (0/7) Hell            Geh (7/7) Hell
    Coc (0/7) Hell            Tar (0/7) Hell            Zot (4/5) Depths:4
Volcano (visited)          WizLab (visited)         Gauntlet (visited)

Altars:
Cheibriados
Dithmenos
Elyvilon
Fedhas
Gozag
Hepliaklqana
Kikubaaqudgha
Makhleb
Nemelex Xobeh
Okawaru
Qazlal
Ru
Sif Muna
Trog
Uskayaw
Vehumet
Wu Jian
Xom
Yredelemnul
Zin
The Shining One
Beogh
Jiyva

Shops:
D:1 !   D:7 [   D:9 !   D:11 [   Orc:1 (   Orc:2 :[(*=   Elf:3 !   Vaults:4 :
Depths:1 [   Depths:2 (   Depths:3 !*[[

Portals:
Hell: Depths:1 Depths:2 Depths:3 Depths:4
Abyss: Depths:3 Depths:4
Pandemonium: Depths:1 Depths:2 Depths:4
Ziggurat: Depths:1

Annotations:
D:8 exclusion: orange demon, Joseph
Lair:3 exclusion: oklob plant
Swamp:3 2 transporters, Idof's ghost, journeyman BaSu
Spider:3 Arachne
Spider:4 3 runed translucent doors, brujo666's ghost, adept MiFi
Elf:3 Bai Suzhen
Vaults:3 2 runed translucent doors, Plog's ghost, adept FeBe
Crypt:3 3 runed translucent doors, Wuppom's ghost, veteran GrFi; Zijastu's ghost, veteran MiBe
Geh:7 Asmodeus


Innate Abilities, Weirdness & Mutations

You are a living statue of rough stone.
Your actions are slow, but your melee attacks are powerful.
You are resistant to unholy torment.
Your maximum health is greatly increased.
You are immune to poison.
Your equipment is partially melded.
(You are completely covered in yellow scales. (AC +4, rCorr))
You regenerate a lot of health from kills.
Your magical and physical power is greatly enhanced at high health.
When hurt, damage is shared between your health and your magic reserves.
You regenerate magic rapidly.
When low on magic, you restore magic in place of health.
You have a sharp stinger which inflicts weakening toxins.
You are strong-willed. (Will+)
Your muscles are strong. (Str +4, Int/Dex -1)
Your spells are a little harder to cast, but a little more powerful.
You occasionally lose the ability to drink potions when taking damage.
You expend magic power (3 MP) to strengthen your wands.


Message History

Unknown command.
You hit Asmodeus but do no damage. You tail-slap Asmodeus.
Asmodeus is almost dead.
You are engulfed in blazing flames.
You resist.
Asmodeus gestures.
Unknown command.
Unknown command.
Unknown command.
You hit Asmodeus but do no damage.
You tail-slap Asmodeus, but do no damage.
Asmodeus is almost dead.
Asmodeus hits you with the +7 sceptre of Asmodeus.
* * * LOW HITPOINT WARNING * * *
Unknown command.
Unknown command.
Unknown command.
You hit Asmodeus but do no damage. You tail-slap Asmodeus.
Asmodeus is almost dead.
You are engulfed in blazing flames.
You resist. You block the Brimstone Fiend's attack.
SHROANNG!
You block the Brimstone Fiend's attack.
BOUMMMMG!
The Brimstone Fiend barely misses you. The balrug gestures at you.
The fireball explodes!
The fireball engulfs Asmodeus.
Asmodeus completely resists.
The fireball engulfs the balrug.
The balrug completely resists.
The fireball engulfs you! You resist.
* * * LOW HITPOINT WARNING * * *
You block Asmodeus's attack.
PANG!
Unknown command.
Unknown command.
You closely miss Asmodeus.
Asmodeus is almost dead.
You are engulfed in blazing flames.
You resist.
* * * LOW HITPOINT WARNING * * *
The Brimstone Fiend gestures at you.
The sphere of damnation explodes!
The damnation engulfs you!!!
You die...

#........##############....#.
#..[.|..)#............'....#.
#........#............#....#.
§
#.[.|..:.#'#################.
.
########'#.............#.....
.
......'.#.............#.....
.
......#.#.............#..≈≈.
.
......#.#############'#.§§≈.
. .....
#)22&81.........#.≈≈.. ≈
##### ##†##############...§.
≈ #.°2....... #.......§ §
##22....... #......≈≈ §
#......... #....≈≈≈§ §
#######'## #..≈≈≈≈≈≈ §≈
####..≈≈≈≈≈§ §§≈ #...≈§≈≈≈§§
≈≈≈≈ #...§§§≈≈≈§


You could see Asmodeus (clouds, weak), a Brimstone Fiend (summoned), a balrug
(summoned) and a hellion (summoned).

Vanquished Creatures
  An orb of fire (Zot:4)
  5 dread liches
  3 ancient liches
  Mennas (Vaults:4)
  A juggernaut (Depths:3)
  A Killer Klown (Zot:3)
  Saint Roka (Vaults:2)
  Xtahua (Vaults:4)
  3 curse toes
  6 caustic shrikes
  16 golden dragons
  Geryon (Hell)
  A Hellbinder (WizLab)
  2 bone dragons
  10 Brimstone Fiends
  An electric golem (Zot:4)
  7 hellephants
  32 searing wretches
  15 tentacled monstrosities
  Zenata (Elf:3)
  Rupert (Lair:3)
  The ghost of Bruhh the Warrior, an adept HOFi of the Shining One (Vaults:2)
  Jorgrun (Spider:2)
  A tainted leviathan (Hell)
  6 liches
  2 deep elf master archers (Elf:3)
  2 deep elf blademasters
  3 quicksilver dragons
  A walking earthen tome (Depths:2)
  5 titans
  8 death cobs
  3 ancient champions (Crypt:3)
  13 shadow dragons
  2 tentacled starspawn (Abyss:4)
  Agnes (Spider:3)
  6 sphinxes
  Kirke (D:13)
  8 tengu reavers
  Donald (Elf:3)
  8 draconian monks
  19 storm dragons
  Roxanne (Elf:3)
  5 revenants
  4 draconian knights
  An azure jelly (Swamp:4)
  2 fenstrider witches
  25 fire giants
  8 frost giants
  6 emperor scorpions
  7 deep elf sorcerers
  3 iron dragons
  24 balrugs
  An orc warlord (Orc:2)
  3 draconian scorchers
  4 draconian shifters
  16 vault wardens
  A caustic shrike zombie (Crypt:3)
  7 ghost moths
  Aizul (Spider:3)
  6 deep elf elementalists (Elf:3)
  A curse skull (Crypt:3)
  8 ghouls
  3 draconian stormcallers (Zot:4)
  2 ironbound thunderhulks
  A quicksilver ooze (shapeshifter) (Vaults:5)
  A demonspawn blood saint (WizLab)
  A juggernaut skeleton (Crypt:2)
  14 ironbound preservers
  5 draconian annihilators
  4 broodmothers
  14 stone giants
  20 very ugly things
  4 reapers
  2 war gargoyles
  4 vampire knights
  Nessos (D:13)
  8 deep elf demonologists
  4 eleionomae
  8 green draconians
  14 purple draconians
  2 spark wasps (Depths:3)
  2 lorocyprocas (WizLab)
  11 white draconians
  8 bunyips
  A wendigo (Hell)
  8 black draconians
  4 deep elf annihilators (Elf:3)
  2 putrid mouths (Hell)
  10 dire elephants
  9 red draconians
  A minotaur (Gauntlet)
  5 entropy weavers
  7 yellow draconians
  4 eidola
  3 crystal guardians
  Snorg (Orc:1)
  11 deep elf death magi
  10 ettins
  10 deep elf high priests
  9 fire dragons
  2 spriggan zombies
  6 great orbs of eyes
  3 jiangshi
  A merfolk impaler (Depths:4)
  14 hydras
  4 iron golems (Hell)
  11 ice dragons
  28 vault guards
  18 yaktaur captains
  8 salamander tyrants
  6 boulder beetles
  3 peacekeepers
  7 rakshasas
  Erica (D:8)
  A hell beast (Depths:3)
  A caustic shrike simulacrum (Hell)
  2 spriggan air magi
  A catoblepas (Lair:6)
  A fenstrider witch skeleton (Crypt:1)
  3 two-headed ogres
  2 spriggan skeletons
  2 ghost crabs
  3 ogre magi (Vaults:5)
  14 centaur warriors
  14 stokers
  3 alligators
  5 ironbound frosthearts
  32 dancing weapons
  2 death knights (Crypt:1)
  3 vampire magi
  4 jorogumos
  An anaconda (shapeshifter) (Vaults:5)
  11 tengu warriors
  A bennu skeleton (Crypt:2)
  A naga warrior (Abyss:3)
  5 deep troll earth magi
  8 deep troll shamans
  23 hell hogs
  A spectral frost giant (Vaults:2)
  3 spriggan berserkers
  4 thrashing horrors (Abyss:3)
  An orc high priest (Elf:1)
  Urug (D:13)
  A titan zombie (Crypt:2)
  8 death yaks (Lair:6)
  6 hell knights
  5 soul eaters
  2 titan skeletons
  11 sun demons
  20 deep elf knights
  16 skeletal warriors
  4 wretched stars
  A shadow wraith (Crypt:2)
  A fire crab (shapeshifter) (Elf:1)
  2 storm dragon skeletons (Crypt:1)
  9 iron trolls
  2 sixfirhies (Abyss:3)
  4 pharaoh ants
  A sun moth (Spider:2)
  A bunyip zombie (Crypt:3)
  5 goliath frogs
  A spectral human (Vaults:2)
  A quicksilver dragon simulacrum (Hell)
  54 deep trolls
  6 spriggan druids
  2 anaconda zombies
  7 flayed ghosts
  A golden dragon zombie (Crypt:2)
  A spatial maelstrom (Abyss:3)
  9 steelbarb worms
  14 orb spiders
  3 spriggan simulacra
  21 lindwurms
  3 bog bodies
  6 swamp dragons
  11 wizards
  13 deep elf archers
  5 glowing orange brains
  11 phantasmal warriors
  12 ironbound convokers
  An orange crystal statue (Elf:3)
  3 harpies (Vaults:5)
  30 deep elf pyromancers
  17 necromancers
  An anaconda skeleton (Crypt:3)
  22 deep elf zephyrmancers
  5 orc knights
  23 wolf spiders
  An oklob plant (Gauntlet)
  7 orc sorcerers
  38 ugly things
  9 manticores
  3 spectral ettins (Vaults:2)
  2 stone giant zombies
  A tengu skeleton (Crypt:2)
  4 will-o-the-wisps
  A salamander (Abyss:3)
  A jorogumo skeleton (Crypt:2)
  A salamander (shapeshifter) (Depths:2)
  6 cyclopes
  A worldbinder (Abyss:3)
  An eleionoma skeleton (Crypt:1)
  16 vault sentinels
  11 elephants
  7 black mambas
  7 rust devils
  28 moths of wrath
  4 gargoyles (Volcano)
  A titan simulacrum (Vaults:2)
  A frost giant skeleton (Crypt:3)
  2 orange demons (WizLab)
  An apocalypse crab (Abyss:3)
  6 molten gargoyles (Hell)
  A guardian serpent (Abyss:3)
  9 smoke demons
  A death yak zombie (Crypt:2)
  An alligator snapping turtle zombie (Crypt:1)
  A purple draconian zombie (Crypt:1)
  2 naga skeletons (Crypt:3)
  2 naga magi
  4 torpor snails (Lair:2)
  13 cane toads
  A grey draconian zombie (Crypt:1)
  A catoblepas zombie (Crypt:3)
  An unseen horror (D:12)
  A dire elephant skeleton (Crypt:2)
  32 yaktaurs
  3 ice devils
  3 efreet
  15 komodo dragons
  3 kobold demonologists (D:11)
  5 rime drakes (Lair:6)
  5 tormentors
  12 freezing wraiths
  8 hellions
  6 demonic crawlers
  4 tengu conjurers
  A guardian mummy (Crypt:1)
  A harpy zombie (Crypt:3)
  4 hellwings (WizLab)
  7 ancient zymes
  6 trolls
  11 tyrant leeches
  A yellow draconian skeleton (Crypt:3)
  2 bloated husks
  A death drake zombie (Crypt:2)
  A polar bear (Lair:2)
  A shadow dragon simulacrum (Vaults:2)
  A wind drake (shapeshifter) (Elf:2)
  3 raiju (Abyss:4)
  15 hornets
  2 spectral guardian serpents (Crypt:1)
  3 harpy skeletons
  18 tarantellas
  11 dream sheep
  22 blink frogs
  An ettin zombie (Crypt:1)
  A sphinx simulacrum (Vaults:2)
  30 slime creatures
  A satyr zombie (Crypt:2)
  A snapping turtle (shapeshifter) (Vaults:5)
  2 fire giant simulacra (Vaults:2)
  26 jumping spiders
  6 flying skulls
  3 air elementals
  2 centaur simulacra
  13 spriggans
  A shadow (D:10)
  10 water elementals
  A fire dragon skeleton (Crypt:1)
  A vampire (D:12)
  24 culicivoras
  Sigmund (D:4)
  An elf simulacrum (Vaults:2)
  An ettin skeleton (Crypt:3)
  8 wyverns
  59 yaks
  5 wraiths
  A human (shapeshifter) (D:14)
  4 ynoxinuls
  6 hogs
  10 basilisks
  6 chaos spawn
  6 neqoxecs
  6 swamp worm simulacra (Swamp:4)
  2 fire elementals
  2 golden eyes (shapeshifter)
  A redback (shapeshifter) (Vaults:5)
  43 redbacks
  13 large abominations
  8 vampire mosquitoes
  A naga zombie (Crypt:3)
  3 steam dragons
  21 swamp worms
  2 wargs (Orc:2)
  3 harpy simulacra (Hell)
  A naga (Abyss:3)
  A faun zombie (Crypt:3)
  2 acid dragons (Gauntlet)
  8 small abominations
  26 water moccasins
  A floating eye (shapeshifter) (Vaults:5)
  15 hydra simulacra (Swamp:4)
  40 orc warriors
  3 ice beasts
  An elephant zombie (Crypt:1)
  A sky beast (D:6)
  A black bear (D:6)
  2 ettin simulacra
  4 swamp drakes
  A black mamba simulacrum (Crypt:2)
  8 ogres
  A golden eye zombie (Crypt:2)
  26 wolves
  5 centaurs
  A hog zombie (Crypt:3)
  An elf zombie (Elf:1)
  3 kobold brigands
  2 necrophages
  10 bullfrogs
  7 earth elementals
  3 wights (D:8)
  A cyclops skeleton (Crypt:1)
  5 killer bees (D:10)
  A shapeshifter skeleton (Crypt:2)
  6 electric eels
  3 howler monkeys
  A lava snake (D:15)
  16 starcursed masses
  A jelly (Abyss:3)
  25 orc priests
  2 hounds (D:5)
  3 human zombies (Crypt:1)
  An iron imp (Abyss:4)
  3 centaur skeletons (Crypt:1)
  Jessica (D:3)
  10 iguanas
  Ijyb (D:4)
  Terence (D:2)
  19 hell rats
  2 human skeletons
  20 orc wizards
  6 mummies
  An adder (D:4)
  2 shadow imps (Gauntlet)
  4 white imps
  4 ufetubi
  2 swamp drake simulacra (Swamp:4)
  A lava snake zombie (Crypt:2)
  A worm (D:2)
  108 orcs
  6 ball pythons (D:1)
  5 bats
  2 bat zombies (D:2)
  3 endoplasms
  4 giant cockroaches
  17 goblins
  10 hobgoblins
  3 jackals (D:4)
  10 kobolds
  2 quokkas
  A ball python zombie (D:2)
  A butterfly zombie (Crypt:3)
  A dart slug zombie (Crypt:3)
  5 frilled lizards
  A quokka zombie (D:2)
  2 rats
  3 creeping infernos
  26 fire vortices
  3 foxfires (Swamp:4)
  2 lurking horrors (Abyss:4)
  5 starspawn tentacles
2489 creatures vanquished.

Vanquished Creatures (collateral kills)
  Tiamat (Zot:3)
  A golden dragon (Zot:1)
  Murray (Depths:1)
  A draconian annihilator (Zot:3)
  A vampire knight (Depths:2)
  A blizzard demon (WizLab)
  A slime creature (D:15)
7 creatures vanquished.

Vanquished Creatures (others)
  2 draconian knights
  4 fire giants
  A draconian annihilator (Zot:3)
  A rakshasa (Depths:3)
  2 ice dragons
  A deep elf knight (Elf:2)
  A bog body (Swamp:4)
  3 bloated husks
  A tarantella (Spider:4)
  2 spriggans
  A redback (Spider:2)
  A swamp worm (Swamp:3)
  A vampire bat (Vaults:4)
  19 foxfires
  63 fungi
  A lurking horror (Abyss:4)
  162 plants
  12 starspawn tentacles
  2 withered plants (D:2)
280 creatures vanquished.

Grand Total: 2776 creatures vanquished

Notes
Turn   | Place    | Note
-------+----------+-------------------------------------------
     0 | D:1      | Morbidden the Demonspawn Conjurer began the quest for the
                  | Orb.
     0 | D:1      | Reached XP level 1. HP: 13/13 MP: 3/3
   212 | D:1      | Found Waunaef's Distillery.
   265 | D:1      | Gained mutation: You have a small tail. [demonic ancestry]
   265 | D:1      | Reached XP level 2. HP: 20/20 MP: 0/5
  1115 | D:2      | Reached XP level 3. HP: 25/25 MP: 0/6
  1281 | D:2      | Noticed Terence
  1319 | D:2      | Killed Terence
  1519 | D:2      | Learned a level 2 spell: Searing Ray
  1679 | D:2      | Found a faded altar of an unknown god.
  1813 | D:2      | Gained mutation: You regenerate magic rapidly. [demonic
                  | ancestry]
  1813 | D:2      | Reached XP level 4. HP: 31/31 MP: 3/7
  1823 | D:2      | Reached skill level 1 in Fighting
  1823 | D:2      | Reached skill level 5 in Conjurations
  2020 | D:3      | Gained mutation: You have a tail ending in a sharp stinger.
                  | [demonic ancestry]
  2020 | D:3      | Reached XP level 5. HP: 37/37 MP: 0/9
  2225 | D:3      | Noticed Jessica
  2228 | D:3      | Killed Jessica
  2255 | D:3      | Learned a level 4 spell: Iskenderun's Mystic Blast
  2381 | D:3      | Reached skill level 3 in Spellcasting
  2918 | D:4      | Noticed Sigmund
  2921 | D:4      | Killed Sigmund
  2922 | D:4      | Reached skill level 1 in Short Blades
  2922 | D:4      | Reached XP level 6. HP: 44/44 MP: 9/11
  3309 | D:4      | Noticed Ijyb
  3327 | D:4      | Killed Ijyb
  3760 | D:4      | Found a staircase to the Ecumenical Temple.
  3813 | Temple   | Entered the Ecumenical Temple
  3872 | Temple   | Became a worshipper of Cheibriados the Contemplative
  3978 | D:4      | Noticed a water moccasin
  3987 | D:4      | Killed a water moccasin
  3988 | D:4      | Reached skill level 4 in Spellcasting
  3988 | D:4      | Reached skill level 1 in Translocations
  3988 | D:4      | Gained mutation: You are partially covered in yellow
                  | scales. (AC +2) [demonic ancestry]
  3988 | D:4      | Reached XP level 7. HP: 26/51 MP: 3/13
  4533 | D:4      | Identified the +1 ring mail "Xabuas" {rC++ Slay+3 SInv
                  | Stlth+}
  4572 | D:5      | Entered Level 5 of the Dungeon
  4757 | D:5      | Reached * piety under Cheibriados
  4921 | D:5      | Learned a level 4 spell: Olgreb's Toxic Radiance
  5592 | D:6      | Reached skill level 1 in Armour
  5909 | D:6      | Reached skill level 1 in Poison Magic
  5909 | D:6      | Gained mutation: When hurt, damage is shared between your
                  | health and your magic reserves. [demonic ancestry]
  5909 | D:6      | Reached XP level 8. HP: 31/57 MP: 15/15
  6397 | D:7      | Found a radiant altar of Vehumet.
  6428 | D:7      | Reached ** piety under Cheibriados
  6535 | D:7      | Reached skill level 1 in Invocations
  6724 | D:7      | Reached skill level 5 in Spellcasting
  7040 | D:7      | Found Hoolacum's Armour Boutique.
  7683 | D:8      | Gained mutation: When low on magic, you restore magic in
                  | place of health. [demonic ancestry]
  7683 | D:8      | Reached XP level 9. HP: 64/64 MP: 16/16
  7995 | D:8      | Noticed Erica
  8016 | D:8      | Killed Erica
  8066 | D:8      | Reached *** piety under Cheibriados
  8253 | D:8      | Noticed Joseph
  8751 | D:8      | Noticed an orange demon
  8905 | D:9      | Noticed a two-headed ogre
  8925 | D:9      | Killed a two-headed ogre
  8926 | D:9      | Reached skill level 5 in Armour
  8926 | D:9      | Reached skill level 1 in Shields
  8926 | D:9      | Reached XP level 10. HP: 12/72 MP: 18/18
  9225 | D:9      | Reached skill level 6 in Spellcasting
  9305 | D:9      | Noticed a two-headed ogre
  9318 | D:9      | Killed a two-headed ogre
  9319 | D:9      | Reached skill level 1 in Long Blades
  9398 | D:9      | Identified the +11 dagger of Dishonesty {flame, rElec MP+9
                  | Stlth+}
  9499 | D:9      | Found a shimmering altar of Xom.
  9623 | D:9      | Found an ancient bone altar of Kikubaaqudgha.
  9673 | D:9      | Found a hazy altar of Hepliaklqana.
  9673 | D:9      | Found a hide-covered altar of Uskayaw.
  9683 | D:9      | Reached skill level 1 in Throwing
  9735 | D:9      | Reached skill level 5 in Fighting
  9736 | D:9      | Found Zanerghe's Distillery.
  9937 | D:9      | Reached **** piety under Cheibriados
  9946 | D:9      | Reached skill level 5 in Invocations
 10469 | D:10     | Entered Level 10 of the Dungeon
 10471 | D:10     | Paralysed by a hornet for 3 turns
 10812 | D:10     | Reached XP level 11. HP: 75/79 MP: 21/21
 10874 | D:10     | Found a sparkling altar of Nemelex Xobeh.
 11178 | D:10     | Identified the +1 ring mail "Zesuryu" {rCorr Str+4}
 11457 | D:11     | Reached ***** piety under Cheibriados
 11652 | D:11     | Found a staircase to the Orcish Mines.
 11661 | D:11     | You fall into a shaft and drop 3 floors!
 11818 | D:14     | Noticed a tengu warrior
 11824 | D:14     | Killed a tengu warrior
 11825 | D:14     | Reached skill level 7 in Spellcasting
 12136 | D:14     | Identified the +4 whip "Zyagig" {vorpal, *Corrode Int+3
                  | Dex+2 SInv}
 12136 | D:14     | Noticed a centaur warrior
 12155 | D:14     | Killed a centaur warrior
 12521 | D:14     | Noticed a death drake
 12682 | D:14     | Noticed a green ugly thing
 12682 | D:14     | Noticed a green ugly thing
 12682 | D:14     | Noticed a green ugly thing
 12682 | D:14     | Noticed a green ugly thing
 12684 | D:14     | Noticed a green ugly thing
 12693 | D:14     | Killed a green ugly thing
 12694 | D:14     | Killed a green ugly thing
 12696 | D:14     | Killed a red ugly thing
 12699 | D:14     | Killed a purple ugly thing
 12702 | D:14     | Killed a green ugly thing
 12703 | D:14     | Reached skill level 5 in Dodging
 12915 | D:13     | Noticed Kirke
 12915 | D:13     | Noticed Nessos
 12918 | D:13     | Reached skill level 5 in Poison Magic
 12918 | D:13     | Killed Nessos
 12919 | D:13     | Gained mutation: You regenerate a little health from kills.
                  | [demonic ancestry]
 12919 | D:13     | Reached XP level 12. HP: 71/87 MP: 23/23
 12927 | D:13     | Killed Kirke
 12928 | D:13     | Reached skill level 5 in Short Blades
 13141 | D:13     | Reached skill level 8 in Spellcasting
 13264 | D:13     | Identified the +1 leather armour of the Land of Plenty {rF-
                  | Str+5 Dex+3 Stlth+}
 13307 | D:13     | Noticed Urug
 13327 | D:13     | Killed Urug
 13382 | D:13     | Noticed a centaur warrior
 13396 | D:13     | Killed a centaur warrior
 13629 | D:13     | Noticed a centaur warrior
 13636 | D:13     | Killed a centaur warrior
 13637 | D:13     | Reached skill level 5 in Stealth
 13701 | D:13     | Found a gate to the Vaults.
 13958 | D:13     | Identified the +0 pair of boots of Boredom {Fly Str+5}
 14020 | D:12     | Noticed a boulder beetle
 14157 | D:12     | Killed a boulder beetle
 14508 | D:12     | Reached skill level 5 in Translocations
 14694 | D:12     | Noticed a two-headed ogre
 14696 | D:12     | Killed a two-headed ogre
 14696 | D:12     | Reached ****** piety under Cheibriados
 14730 | D:11     | Noticed an eight-headed hydra
 14776 | D:11     | Gained mutation: You are mostly covered in yellow scales.
                  | (AC +3) [demonic ancestry]
 14776 | D:11     | Reached XP level 13. HP: 92/94 MP: 25/25
 14952 | D:11     | Found a staircase to the Lair.
 15542 | D:11     | Found Byzaolopn's Armour Boutique.
 15933 | D:11     | Identified the amulet "Roitsiqe" {Reflect Str+3 SH+5}
 16007 | Lair:1   | Entered Level 1 of the Lair of Beasts
 16016 | Lair:1   | Reached skill level 9 in Spellcasting
 16656 | Lair:1   | Learned a level 3 spell: Ignite Poison
 17714 | Lair:2   | Found a hole to the Spider Nest.
 17731 | Lair:2   | Reached skill level 5 in Shields
 17754 | Lair:2   | Reached skill level 5 in Long Blades
 17920 | Lair:2   | Learned a level 4 spell: Sticky Flame
 18169 | Lair:2   | Found a snail-covered altar of Cheibriados.
 18481 | Lair:2   | Found an opulent altar of Gozag.
 18672 | Spider:1 | Entered Level 1 of the Spider Nest
 18804 | Lair:3   | Noticed Rupert
 18957 | Lair:3   | Paralysed by Rupert for 3 turns
 18961 | Lair:3   | Killed Rupert
 18962 | Lair:3   | Gained mutation: Your magical and physical power is
                  | slightly enhanced at high health. [demonic ancestry]
 18962 | Lair:3   | Reached XP level 14. HP: 103/103 MP: 27/27
 19014 | Lair:3   | Found a staircase to the Swamp.
 19055 | Lair:3   | Reached skill level 10 in Spellcasting
 19093 | Lair:3   | Identified a scroll of acquirement
 19093 | Lair:3   | Acquired 520 gold pieces
 19607 | Lair:4   | Found a dark tunnel.
 19612 | Volcano  | Entered a volcano
 19683 | Volcano  | Noticed a stone giant
 19686 | Volcano  | Killed a stone giant
 20297 | Lair:4   | Reached skill level 1 in Transmutations
 20932 | Lair:5   | Found a viscous altar of Jiyva.
 20957 | Lair:5   | Identified the amulet of Pyromania {Reflect Str+8 SH+5}
 21112 | Lair:5   | Found a staircase to the Slime Pits.
 21495 | Lair:5   | Learned a level 5 spell: Manifold Assault
 21540 | Lair:6   | Entered Level 6 of the Lair of Beasts
 21549 | Lair:6   | Reached skill level 1 in Fire Magic
 22645 | Lair:6   | Reached XP level 15. HP: 68/109 MP: 18/29
 22829 | Lair:6   | Identified the +2 scale mail of Thoughtfulness {Int+3}
 23001 | Lair:6   | Reached skill level 11 in Spellcasting
 24264 | D:15     | Entered Level 15 of the Dungeon
 24320 | D:15     | Found a gate leading to a gauntlet.
 24338 | Gauntlet | Entered a Gauntlet
 24338 | Gauntlet | Found a transporter.
 24338 | Gauntlet | Found a transporter.
 24342 | Gauntlet | Found a transporter.
 24342 | Gauntlet | Found a transporter.
 24352 | Gauntlet | Found a transporter.
 24359 | Gauntlet | Found a transporter.
 24365 | Gauntlet | Found a transporter.
 24373 | Gauntlet | Found a transporter.
 24465 | Gauntlet | Found a transporter.
 24475 | Gauntlet | Found a transporter.
 24490 | Gauntlet | Found a transporter.
 24546 | Gauntlet | Found a transporter.
 24882 | Gauntlet | Learned a level 4 spell: Airstrike
 24926 | Gauntlet | Identified the +3 halberd "Tearrur" {spect, rCorr}
 25658 | D:15     | Found a staircase to the Depths.
 25848 | D:15     | Found a stormy altar of Qazlal.
 26271 | D:15     | Found a shadowy altar of Dithmenos.
 26471 | Orc:1    | Entered Level 1 of the Orcish Mines
 26471 | Orc:1    | Found Nilec's Weapon Boutique.
 26675 | Orc:2    | Entered Level 2 of the Orcish Mines
 26823 | Orc:2    | Noticed an orc warlord
 26836 | Orc:2    | Killed an orc warlord
 26848 | Orc:2    | Reached skill level 10 in Conjurations
 27187 | Orc:2    | Found Xucsehuj's Jewellery Boutique.
 27187 | Orc:2    | Found Boqai's General Store.
 27237 | Orc:2    | Bought a scroll of magic mapping for 45 gold pieces
 27330 | Orc:2    | Found Guippy's Antique Weapon Boutique.
 27344 | Orc:2    | Found Huer's Antique Armour Shoppe.
 27352 | Orc:2    | Bought a pair of embroidered gloves for 202 gold pieces
 27407 | Orc:1    | Reached skill level 1 in Air Magic
 27518 | Orc:1    | Noticed Snorg
 27525 | Orc:1    | Killed Snorg
 27978 | Orc:2    | Found Catzoll's Book Boutique.
 27985 | Orc:2    | Found a staircase to the Elven Halls.
 27986 | Orc:2    | Bought a manual of Dodging for 1040 gold pieces
 28475 | Spider:1 | You are sucked into a shaft and drop 1 floor!
 28480 | Spider:2 | Gained mutation: You regenerate health from kills. [demonic
                  | ancestry]
 28480 | Spider:2 | Reached XP level 16. HP: 108/117 MP: 31/31
 28493 | Spider:2 | Noticed Jorgrun
 28505 | Spider:2 | Reached skill level 12 in Spellcasting
 28507 | Spider:2 | Reached skill level 10 in Invocations
 28519 | Spider:2 | Killed Jorgrun
 29870 | Spider:3 | Noticed Aizul
 29886 | Spider:3 | Killed Aizul
 30405 | Spider:3 | Noticed Agnes
 30411 | Spider:3 | Killed Agnes
 30557 | Spider:3 | Noticed Arachne
 31261 | Spider:4 | Entered Level 4 of the Spider Nest
 31522 | Spider:4 | Found a runed translucent gate.
 31523 | Spider:4 | Found a runed translucent gate.
 31523 | Spider:4 | Found a runed translucent gate.
 31526 | Spider:4 | Noticed brujo666's ghost (adept MiFi)
 31616 | Spider:4 | Reached XP level 17. HP: 124/124 MP: 33/33
 33356 | Spider:4 | Got a gossamer rune of Zot
 33557 | Swamp:1  | Entered Level 1 of the Swamp
 33690 | Swamp:1  | Reached skill level 13 in Spellcasting
 33893 | Swamp:1  | Upgraded the game from 0.29-a0-550-g81e455f4c2 to
                  | 0.29-a0-553-g81b289dbe5
 36859 | Swamp:3  | Found a transporter.
 36861 | Swamp:3  | Noticed Idof's ghost (journeyman BaSu)
 36906 | Swamp:3  | Found a transporter.
 37556 | Swamp:4  | Entered Level 4 of the Swamp
 38204 | Swamp:4  | Reached skill level 5 in Transmutations
 38420 | Swamp:3  | Reached XP level 18. HP: 90/132 MP: 7/35
 39591 | Swamp:4  | Got a decaying rune of Zot
 39973 | Elf:1    | Entered Level 1 of the Elven Halls
 40118 | Elf:1    | Paralysed by an air elemental for 1 turns
 40147 | Elf:1    | Found a runed translucent gate.
 40147 | Elf:1    | Found a runed translucent gate.
 40147 | Elf:1    | Found a runed translucent gate.
 40147 | Elf:1    | Found a runed translucent gate.
 40147 | Elf:1    | Found a runed translucent gate.
 40148 | Elf:1    | Found a runed translucent gate.
 40346 | Elf:1    | Reached skill level 5 in Air Magic
 40524 | Elf:1    | Got the Guide on Dark Arts
 40940 | Elf:2    | Found a runed translucent gate.
 40940 | Elf:2    | Found a runed translucent gate.
 40940 | Elf:2    | Found a runed translucent gate.
 40979 | Elf:2    | Reached skill level 14 in Spellcasting
 41422 | Elf:2    | Paralysed by an orc sorcerer for 3 turns
 41802 | Elf:2    | Gained mutation: You have a sharp stinger which inflicts
                  | weakening toxins. [demonic ancestry]
 41802 | Elf:2    | Reached XP level 19. HP: 123/140 MP: 37/37
 41934 | Elf:3    | Entered Level 3 of the Elven Halls
 41984 | Elf:3    | Reached skill level 5 in Fire Magic
 42143 | Elf:3    | Reached skill level 10 in Dodging
 42208 | Elf:3    | Found Lamohi's Distillery.
 42295 | Elf:3    | Bought a potion of heal wounds for 60 gold pieces
 42295 | Elf:3    | Bought a potion of heal wounds for 60 gold pieces
 42295 | Elf:3    | Bought a potion of magic for 96 gold pieces
 42331 | Elf:3    | Noticed Zenata
 42335 | Elf:3    | Noticed Bai Suzhen
 42352 | Elf:3    | Killed Zenata
 42494 | Elf:3    | Noticed Roxanne
 42590 | Elf:3    | Killed Roxanne
 42646 | Elf:3    | Identified the +8 dire flail of Doom {vamp, rN+}
 42788 | Elf:3    | Noticed Donald
 42794 | Elf:3    | Identified the ring of Tiyhojog {Dex+6 SInv}
 42802 | Elf:3    | Killed Donald
 42965 | Elf:3    | Identified the +1 robe of the Planets {Rampage *Corrode
                  | Will+ Str+4}
 42983 | Elf:3    | Identified the +11 rapier of Tourampa {holy, *Rage rElec
                  | Stlth+}
 42983 | Elf:3    | Identified the ring "Catirph" {rF+ rC- AC+4 Slay+2 Stlth+}
 42999 | Elf:3    | Identified the +0 chain mail "Oxett" {Dex+2}
 42999 | Elf:3    | Identified the amulet "Amaurry" {Reflect rF+++ SH+5}
 42999 | Elf:3    | Identified the ring of Equilibrium {rCorr MP+9 Str+3 Int+2
                  | Dex+4}
 43001 | Elf:3    | Cast into level 3 of the Abyss (a deep elf sorcerer)
 43211 | Abyss:3  | Gained mutation: Armour fits poorly on your strangely
                  | shaped body. [a neqoxec]
 43285 | Abyss:3  | Found a snail-covered altar of Cheibriados.
 43366 | Elf:3    | Escaped the Abyss
 43368 | Elf:3    | Identified the ring of Xiafossei {Fire +Blink}
 43660 | Elf:3    | Cast into level 3 of the Abyss (a deep elf sorcerer)
 43987 | Abyss:3  | Noticed a bone dragon
 44021 | Abyss:3  | Killed a bone dragon
 44109 | Elf:3    | Escaped the Abyss
 44358 | Elf:3    | Identified the +0 plate armour of the Game of Kings {rC+}
 44451 | Elf:3    | Got Efariz's Volume of Ensnaring Ice
 44457 | Elf:3    | Got the Catalogue of the Arsonist and Poisoning
 44816 | Vaults:1 | Entered Level 1 of the Vaults
 44870 | Vaults:1 | Reached skill level 10 in Fighting
 44952 | Vaults:1 | Reached skill level 10 in Armour
 45639 | Vaults:1 | You are sucked into a shaft and drop 1 floor!
 45682 | Vaults:2 | Reached skill level 10 in Stealth
 46876 | Vaults:2 | Found a staircase to the Crypt.
 46917 | Vaults:2 | Found a runed translucent gate.
 46917 | Vaults:2 | Found a runed translucent gate.
 46917 | Vaults:2 | Found a runed translucent gate.
 47046 | Vaults:2 | Noticed Saint Roka
 47073 | Vaults:2 | Killed Saint Roka
 47074 | Vaults:2 | Reached skill level 15 in Spellcasting
 47261 | Vaults:2 | Noticed Bruhh's ghost (adept HOFi)
 47324 | Vaults:3 | Reached XP level 20. HP: 145/147 MP: 30/39
 47392 | Vaults:3 | Reached skill level 10 in Poison Magic
 48165 | Vaults:3 | Found a large runed translucent door.
 48165 | Vaults:3 | Found a large runed translucent door.
 48167 | Vaults:3 | Noticed Plog's ghost (adept FeBe)
 48687 | Vaults:4 | Got the Almanac of Changing
 48714 | Vaults:4 | Found Ruto's Book Shoppe.
 48722 | Vaults:4 | Bought a manual of Spellcasting for 1200 gold pieces
 49610 | Vaults:4 | Noticed Mennas
 49684 | Vaults:4 | Killed Mennas
 49815 | Vaults:4 | Noticed Xtahua
 49819 | Vaults:4 | Paralysed by a great orb of eyes for 2 turns
 49831 | Vaults:4 | Paralysed by Xtahua for 5 turns
 49840 | Vaults:4 | Killed Xtahua
 49857 | Vaults:4 | Reached XP level 21. HP: 150/155 MP: 40/40
 50132 | Vaults:4 | Reached skill level 10 in Short Blades
 50494 | Crypt:1  | Entered Level 1 of the Crypt
 50598 | Crypt:1  | Reached skill level 1 in Unarmed Combat
 50606 | Crypt:1  | Reached skill level 16 in Spellcasting
 51388 | Crypt:2  | Found a magical portal.
 51399 | WizLab   | Entered The Hall of the Hellbinder
 51490 | WizLab   | Reached skill level 10 in Shields
 52065 | WizLab   | Identified the ring of the Traitor {rElec rCorr Int+4}
 52070 | WizLab   | Got the Catalogue of the Entourage
 52081 | WizLab   | Noticed Dixiaqel
 52094 | WizLab   | Killed Dixiaqel the Hellbinder
 52106 | WizLab   | Identified the ring "Vafaydghao" {Contam rC+ Int+6}
 52124 | WizLab   | Found a burning altar of Makhleb.
 52232 | Crypt:2  | Paralysed by a vampire knight for 4 turns
 52634 | Crypt:2  | Reached skill level 1 in Polearms
 53306 | Crypt:2  | Learned a level 6 spell: Statue Form
 53496 | Crypt:3  | Entered Level 3 of the Crypt
 53558 | Crypt:3  | Noticed a dread lich
 53592 | Crypt:3  | Killed a dread lich
 53593 | Crypt:3  | Reached skill level 17 in Spellcasting
 54240 | Crypt:3  | Noticed a curse toe
 54248 | Crypt:3  | Noticed a curse toe
 54757 | Depths:1 | Entered Level 1 of the Depths
 54778 | Depths:1 | Reached skill level 1 in Evocations
 54786 | Depths:1 | Found Woxohiol's Armour Boutique.
 54932 | Depths:1 | Acquired Sif Muna's Handbook of the Volcanoes
 54947 | Depths:1 | Reached XP level 22. HP: 163/163 MP: 43/43
 54950 | Depths:1 | Reached skill level 1 in Earth Magic
 54969 | Depths:1 | Learned a level 5 spell: Fireball
 55042 | Depths:1 | Found a one-way gateway to a ziggurat.
 55042 | Depths:1 | Noticed an ancient lich
 55051 | Depths:1 | Killed an ancient lich
 55166 | Depths:1 | Found an ancient bone altar of Kikubaaqudgha.
 55453 | Depths:1 | Found a one-way gate leading to the halls of Pandemonium.
 55530 | Depths:1 | Found a gateway to Hell.
 55829 | Depths:2 | Found Suxakk's Antique Weapon Shoppe.
 56014 | Depths:2 | Paralysed by a vampire knight for 4 turns
 56031 | Depths:2 | Paralysed by a vampire knight for 3 turns
 56708 | Depths:2 | Noticed a caustic shrike
 56721 | Depths:2 | Killed a caustic shrike
 56806 | Depths:2 | Cast into level 3 of the Abyss (a wizard)
 57216 | Abyss:4  | Found a corrupted altar of Lugonu.
 57309 | Abyss:4  | Found a runed translucent gate.
 57310 | Abyss:4  | Found a runed translucent gate.
 57312 | Abyss:4  | Found a runed translucent gate.
 57315 | Abyss:4  | Found a large runed translucent door.
 57316 | Abyss:4  | Found a large runed translucent door.
 57320 | Abyss:4  | Found a runed translucent gate.
 57412 | Abyss:4  | Found a runed translucent gate.
 57423 | Abyss:4  | Found a runed translucent gate.
 57479 | Depths:2 | Escaped the Abyss
 57870 | Depths:2 | Found the +18 shield of the Gong {rElec rN+ Will+ EV-5}
 57876 | Depths:2 | Identified the amulet "Homo Faj" {Reflect rPois SH+5}
 57979 | Depths:2 | Noticed a caustic shrike
 57982 | Depths:2 | Killed a caustic shrike
 58614 | Depths:2 | Reached skill level 18 in Spellcasting
 58874 | Depths:3 | Noticed a golden dragon
 58886 | Depths:3 | Killed a golden dragon
 59397 | Depths:3 | Noticed a golden dragon
 59403 | Depths:3 | Found Icodd's Distillery.
 59405 | Depths:3 | Noticed a juggernaut
 59408 | Depths:3 | Noticed a golden dragon
 59440 | Depths:3 | Noticed a caustic shrike
 59441 | Depths:3 | Noticed a caustic shrike
 59442 | Depths:3 | Killed a golden dragon
 59444 | Depths:3 | Noticed a caustic shrike
 59446 | Depths:3 | Noticed a caustic shrike
 59447 | Depths:3 | Killed a caustic shrike
 59448 | Depths:3 | Killed a caustic shrike
 59448 | Depths:3 | Killed a caustic shrike
 59448 | Depths:3 | Killed a caustic shrike
 59452 | Depths:3 | Killed a juggernaut
 59471 | Depths:3 | Killed a golden dragon
 59472 | Depths:3 | Gained mutation: You are completely covered in yellow
                  | scales. (AC +4, rCorr) [demonic ancestry]
 59472 | Depths:3 | Reached XP level 23. HP: 145/171 MP: 41/45
 59518 | Depths:3 | Found Dorgh's Armour Shop.
 59518 | Depths:3 | Found Egetawiaca's Assorted Antiques.
 59522 | Depths:3 | Found Husk's Armour Shop.
 59560 | Depths:3 | Found a radiant altar of Vehumet.
 59820 | Depths:3 | Found a one-way gate to the infinite horrors of the Abyss.
 59913 | Depths:3 | Paralysed by a vampire knight for 3 turns
 59966 | Depths:3 | You are sucked into a shaft and drop 1 floor!
 59966 | Depths:4 | Entered Level 4 of the Depths
 60998 | Depths:4 | Found a gate to the Realm of Zot.
 62418 | Vaults:5 | Entered Level 5 of the Vaults
 62425 | Vaults:5 | Reached skill level 5 in Unarmed Combat
 62428 | Vaults:5 | Reached skill level 19 in Spellcasting
 62444 | Vaults:5 | Paralysed by a sphinx for 3 turns
 62457 | Vaults:5 | Identified the +7 shortbow of Duty {flame, rElec Str-2
                  | Int+3}
 62485 | Vaults:5 | Noticed a dread lich
 62485 | Vaults:5 | Identified the +6 long sword "Geimasav" {flame, rN++}
 62494 | Vaults:5 | Reached skill level 5 in Evocations
 62508 | Vaults:5 | Paralysed by a dread lich for 3 turns
 62525 | Vaults:5 | Killed a dread lich
 62526 | Vaults:5 | Gained mutation: Your magical and physical power is
                  | enhanced at high health. [demonic ancestry]
 62526 | Vaults:5 | Reached XP level 24. HP: 179/179 MP: 46/46
 62651 | Vaults:5 | Got a silver rune of Zot
 62659 | Vaults:5 | Identified the +5 scale mail "Bisodgh" {rElec Str-5 Dex+3
                  | SInv}
 63257 | Vaults:5 | Identified the +6 flail of Fate {vorpal, Dex+4 SInv}
 63290 | Vaults:5 | Identified the +4 broad axe "Hamaucev" {protect, rElec}
 63291 | Vaults:5 | Identified the ring "Heapru Ceso" {rF+ rC+ rN+ rCorr}
 63524 | Vaults:5 | Reached skill level 5 in Earth Magic
 63525 | Vaults:5 | Identified the ring "Tather" {rC+ Will+ Dex+6}
 63883 | Vaults:5 | Identified the +0 plate armour of Complete Protection
                  | {Int+5}
 63897 | Vaults:5 | Got the Grimoire of Shifting Black Rites
 64948 | Crypt:3  | Found a staircase to the Tomb.
 65005 | Crypt:3  | Reached skill level 10 in Air Magic
 65006 | Crypt:3  | Noticed a dread lich
 65021 | Crypt:3  | Paralysed by a dread lich for 3 turns
 65026 | Crypt:3  | Paralysed by a dread lich for 2 turns
 65030 | Crypt:3  | Killed a dread lich
 65101 | Crypt:3  | Noticed a dread lich
 65101 | Crypt:3  | Noticed a dread lich
 65336 | Crypt:3  | Paralysed by a dread lich for 3 turns
 65344 | Crypt:3  | Killed a dread lich
 65345 | Crypt:3  | Killed a dread lich
 65370 | Crypt:3  | Identified the +4 dagger "Zeipisaf" {holy, Drain rPois rN+
                  | Will+++}
 65373 | Crypt:3  | Got the Collected Works on Necromancy
 65614 | Crypt:3  | Found a runed translucent gate.
 65615 | Crypt:3  | Found a runed translucent gate.
 65615 | Crypt:3  | Found a runed translucent gate.
 65615 | Crypt:3  | Noticed Wuppom's ghost (veteran GrFi)
 65617 | Crypt:3  | Noticed Zijastu's ghost (veteran MiBe)
 66058 | Vaults:2 | Killed Bruhh's ghost
 66072 | Vaults:2 | Identified the +4 arbalest of Optimality {penet, Drain
                  | rElec Str+3}
 66076 | Vaults:2 | Reached skill level 20 in Spellcasting
 66076 | Vaults:2 | Reached XP level 25. HP: 186/186 MP: 47/47
 66078 | Vaults:2 | Gained mutation: Your magical and physical power is greatly
                  | enhanced at high health. [demonic ancestry]
 66078 | Vaults:2 | Reached XP level 26. HP: 193/193 MP: 47/47
 66181 | Tomb:1   | Entered Level 1 of the Tomb of the Ancients
 66677 | Hell     | Entered the Vestibule of Hell
 66677 | Hell     | Noticed Geryon
 66690 | Hell     | Noticed Murray
 66842 | Depths:1 | Killed Murray
 67098 | Hell     | Killed Geryon
 67750 | Hell     | Found a gateway to the decaying netherworld of Tartarus.
 67861 | Hell     | Found a gateway to the ashen valley of Gehenna.
 68332 | Hell     | Found a gateway to the Iron City of Dis.
 68424 | Hell     | Found a gateway to the freezing wastes of Cocytus.
 68609 | Zot:1    | Entered Level 1 of the Realm of Zot
 68677 | Zot:1    | Reached skill level 15 in Conjurations
 68738 | Zot:1    | Gained mutation: You regenerate a lot of health from kills.
                  | [demonic ancestry]
 68738 | Zot:1    | Reached XP level 27. HP: 167/201 MP: 32/47
 70422 | Zot:3    | Found the +4 dragonskin cloak
 70422 | Zot:3    | Noticed Tiamat
 70460 | Zot:2    | Upgraded the game from 0.29-a0-553-g81b289dbe5 to
                  | 0.29-a0-722-g64f5989226
 71224 | Zot:3    | Killed Tiamat
 71554 | Zot:3    | Identified the +3 chain mail of Evolution {rPois Str+3}
 71930 | Zot:4    | Reached skill level 21 in Spellcasting
 71935 | Zot:4    | Reached skill level 5 in Polearms
 71960 | Zot:4    | Reached skill level 10 in Fire Magic
 72000 | Zot:4    | Reached skill level 15 in Dodging
 72355 | Zot:4    | Noticed an orb of fire
 72363 | Zot:4    | Gained mutation: You occasionally lose the ability to drink
                  | potions when taking damage. [an orb of fire]
 72370 | Zot:4    | Gained mutation: You occasionally lose the ability to read
                  | scrolls when taking damage. [an orb of fire]
 72371 | Zot:4    | Gained mutation: You do not regenerate when monsters are
                  | visible. [an orb of fire]
 72373 | Zot:4    | Killed an orb of fire
 72380 | Zot:4    | Lost mutation: Armour fits poorly on your strangely shaped
                  | body. [potion of mutation]
 72380 | Zot:4    | Lost mutation: You occasionally lose the ability to read
                  | scrolls when taking damage. [potion of mutation]
 72380 | Zot:4    | Lost mutation: You do not regenerate when monsters are
                  | visible. [potion of mutation]
 72380 | Zot:4    | Gained mutation: You expend magic power (3 MP) to
                  | strengthen your wands. [potion of mutation]
 72380 | Zot:4    | Gained mutation: You are strong-willed. (Will+) [potion of
                  | mutation]
 72380 | Zot:4    | Gained mutation: Your spells are a little harder to cast,
                  | but a little more powerful. [potion of mutation]
 72380 | Zot:4    | Gained mutation: Your muscles are strong. (Str +4, Int/Dex
                  | -1) [potion of mutation]
 73094 | Geh:1    | Entered Level 1 of Gehenna
 73685 | Geh:3    | Noticed an ancient lich
 73686 | Geh:3    | Noticed an ancient lich
 73692 | Geh:3    | Killed an ancient lich
 73700 | Geh:3    | Killed an ancient lich
 74938 | Geh:7    | Entered Level 7 of Gehenna
 75999 | Geh:7    | Reached skill level 10 in Transmutations
 77670 | Geh:7    | Reached skill level 22 in Spellcasting
 77717 | Geh:7    | Identified the amulet "Qeoluxep" {Reflect rElec Will+ Str+4
                  | SH+5}
 77734 | Geh:7    | Identified the +0 helmet of the Onion {rElec Int+4 Stlth-}
 77748 | Geh:7    | Found the +7 sceptre of Asmodeus
 77748 | Geh:7    | Noticed Asmodeus
 77793 | Geh:7    | HP: 8/265 [Asmodeus] (7)]
 77798 | Geh:7    | HP: 5/265 [Asmodeus/bolt of fire (2)]
 77801 | Geh:7    | HP: 2/265 [balrug/fireball[Asmodeus] (2)]
 77802 | Geh:7    | Killed from afar by a Brimstone Fiend

Illustrated notes

Levels and vault maps discovered:
D:1:      wheals_arrival_linesprint, layout_rooms, serial_shops,
          nicolae_shop_hallway_plus, st_stairs_14
D:2:      layout_basic, serial_undead, serial_undead_f, serial_undead_f,
          serial_undead_b, serial_undead_a, dilly_ecumenical_altar_fadedgnrine,
          uniq_terence
D:3:      layout_basic, uniq_jessica
D:4:      kennysheep_goblin_castle, layout_loops_corners,
          minmay_temple_entry_purple_smoke, st_stairs_6, uniq_ijyb, uniq_sigmund
D:5:      layout_basic, minmay_misc_feat_alley, kennysheep_windowed_goal
D:6:      layout_cave_pools, dk_rats_in_the_wall
D:7:      layout_basic, mainiacjoe_overflow_catwalk, serial_shops, shop,
          minmay_misc_feat_ornament, interstate_on_off
D:8:      layout_layer_cave, minivault_24, uniq_erica, uniq_joseph, uniq_amaemon
D:9:      layout_basic, chequers_temple_overflow_statue_of_worship,
          nicolae_overflow_squiral, serial_shops, kennysheep_mini_moat
D:10:     layout_loops_cross, nemelex_spade_bored_becter, nrook_campfire,
          unseen_surprise_small
D:11:     layout_roguey, david_lair_shrubbed, hiddenorc2_lemuel, serial_shops,
          shop
D:12:     layout_basic
D:13:     layout_cave_pools, erik_vaults_1, uniq_kirke, uniq_urug, uniq_nessos
D:14:     layout_irregular_city, serial_bayou_lagoon_b
D:15:     grunt_enter_depths_giant_problem, layout_basic,
          gauntlet_entry_generic, grunt_qazlal_clouds,
          nicolae_dithmenos_through_a_glass_darkly
Temple:   eino_temple_water
Lair:1:   layout_layer_cave, serial_bayou_lake_a
Lair:2:   layout_gridlike, hellmonk_spider_entry_life_and_decay, basic_altar,
          kennysheep_snail_temple
Lair:3:   layout_concentric_octagons, minmay_swamp_entry_reptiles, minivault_24,
          uniq_rupert
Lair:4:   layout_layer_cave, enter_volcano_1, st_stairs_8
Lair:5:   layout_regular_city, slime_altar_1, infiniplex_staircase_pool_2,
          grunt_megastairs_4, lemuel_fruit_tree, lemuel_fruit_fields,
          serial_bayou_shore_a, serial_bayou_shore_b, serial_bayou_shore_b
Lair:6:   guppyfry_lair_end_dragon, layout_gridlike, hangedman_lair_in_review,
          lemuel_fruit_fields, serial_bayou_shore_b
Swamp:1:  layout_basic_swamp, nicolae_swamp_some_circles,
          infiniplex_staircase_pool
Swamp:2:  layout_basic_swamp, evilmike_swamp_ruin_house_3
Swamp:3:  nicolae_swamp_husk_halls, layout_falls_marsh,
          gammafunk_ghost_mausoleum, nicolae_swamp_triple_paths
Swamp:4:  swamp_icy, layout_basic_swamp
Spider:1: layout_spider_delve, nicolae_spider_bug_shape
Spider:2: layout_spider_delve, uniq_jorgrun
Spider:3: nicolae_spider_mines_2, uniq_arachne, uniq_aizul, uniq_agnes
Spider:4: spider_rune_water, ebering_ghost_rock_garden
Orc:1:    layout_caves, serial_shops, shop_statue, statue_in_the_mist_lemuel,
          minmay_orc_keep, uniq_snorg
Orc:2:    grunt_orc_gardens, layout_caves, grunt_orc_garden, grunt_orc_garden,
          grunt_orc_garden, grunt_orc_garden, serial_shops, shop, basic_altar
Elf:1:    layout_gridlike, orc_legates, minmay_elf_necromancy
Elf:2:    elven_hall_of_blades_hangedman_original
          [nicolae_blade_entry_antechamber], layout_rooms
Elf:3:    minmay_elf_hall_not_hex, layout_gridlike, serial_shops, shop,
          minivault_16, uniq_donald, uniq_roxanne, uniq_bai_suzhen, uniq_zenata
Vaults:1: vaults_room_door_ring, vaults_dpeg_spiral, grunt_vaults_bifocal,
          hangedman_vaults_stream, ontoclasm_vaults_eye,
          nicolae_vaults_display_case, ontoclasm_vaults_ligature,
          vaults_dpeg_ring, hangedman_vaults_stretched_pinwheel,
          nicolae_vaults_network_quinsquares
          [nicolae_vaults_network_quincunx_subvault,
          nicolae_vaults_network_quincunx_subvault,
          nicolae_vaults_network_quincunx_subvault,
          nicolae_vaults_network_quincunx_subvault],
          hangedman_vaults_corner_blocks, layout_vaults_big_room
Vaults:2: gammafunk_ghost_necromancy, v_misc_18,
          nicolae_vaults_little_squares_3, vaults_mumra_chevron_long,
          nicolae_vaults_little_squares_4, nicolae_vaults_little_squares_4,
          layout_vaults_omnigrid, uniq_saint_roka
Vaults:3: ebering_ghost_disaster_area, nicolae_vaults_inception_scallops,
          nicolae_vaults_know_your_exits, vaults_standard_mumra_x,
          hangedman_vaults_restitches, hangedman_vaults_nails,
          grunt_vaults_hallway_long, ontoclasm_vaults_chip,
          vaults_room_ringed_pool, ontoclasm_vaults_shuriken, v_misc_28,
          layout_vaults_omnibox
Vaults:4: vaults_room_door_hall, nicolae_vaults_network_quincunx
          [nicolae_vaults_network_quincunx_subvault,
          nicolae_vaults_network_quincunx_subvault,
          nicolae_vaults_network_quincunx_subvault,
          nicolae_vaults_network_quincunx_subvault,
          nicolae_vaults_network_quincunx_subvault], grunt_vaults_trifunnel,
          vaults_room_semicircle, v_misc_17, vaults_room_corners,
          vaults_room_hallway, dpeg_vaults_monster_doublerow,
          nicolae_vaults_little_squares_1, nicolae_vaults_border_crossing,
          vaults_dpeg_diagonal, vaults_room_corners, layout_vaults_omnicross,
          serial_hangedman_research, hangedman_research_metamorphosis,
          serial_shops, nicolae_shop_hallway_stairs, uniq_xtahua, uniq_mennas
Vaults:5
Crypt:1:  layout_gridlike, nrook_guardian_serpent_ordinary,
          grunt_crypt_arrival_guarded_gate
Crypt:2:  hangedman_staggered_hall, layout_misc_corridors, mu_enter_wizlab_6
Crypt:3:  david_glass_crypt, layout_gridlike, gammafunk_ghost_cemetery
Tomb:1
Depths:1: layout_cave_pools, enter_ziggurat_c, pf_dread_powers_of_hell,
          rand_demon_pan_entry_7, serial_shops, nicolae_shop_window_shopping,
          kiku_gazebo_pond_becter, wad_rectangle_vault
Depths:2: little_maze_vault, layout_cave_shapes, pan_entry, lightli_too_deep,
          serial_sigils_hangedman_confine, infiniplex_staircase_river,
          minmay_shop_star
Depths:3: cheibrodos_spurs, layout_cave_shapes, hellmouth_1, vehumet_crystals,
          abyss_entry, small_statue_intersection,
          infiniplex_staircase_door_maze, minmay_shoptagon
Depths:4: grunt_crosshair, layout_gridlike, hangedman_coc_ice_floe,
          hangedman_abyss_entry_splay, pan_entry, skrybe_limestone_x,
          serial_bayou_shore_b
Hell
Geh:1:    layout_gehenna_lava_caves
Geh:2:    layout_gehenna_pools_triple
Geh:3:    layout_gehenna_pools_basic
Geh:4:    layout_gehenna_pools_triple
Geh:5:    layout_gehenna_lava_caves
Geh:6:    layout_gehenna_lava_caves
Geh:7:    geh_old
Zot:1:    layout_onion, grunt_megastairs_1
Zot:2:    layout_gridlike
Zot:3:    layout_gridlike, uniq_tiamat
Zot:4:    grunt_zot_stairs_mandelzot, layout_basic

Skill      XL: |  1  2  3  4  5  6  7  8  9 10 11 12 13 14 15 16 17 18 19 20 21 22 23 24 25 26 27 |
---------------+----------------------------------------------------------------------------------+-----
Dodging        | 2 3 4 5 6 7 8 9 10 11 12 13 14 15 | 15.6
Fighting       | 1 2 3 4 5 6 7 8 9 10 11 12 13 14 | 14.2
Conjurations   | 5 6 7 8 9 10 11 12 13 14 15 16 | 16.1
Stealth        | 2 3 4 5 6 7 8 9 10 11 12 | 12.6
Spellcasting   | 3 4 5 6 7 8 9 10 11 12 13 14 15 17 18 19 20 22 | 22.0
Short Blades   | 1 2 3 4 5 6 7 8 9 10 | 10.2
Translocations | 1 2 3 4 5 6 7 8 9 |  9.0
Armour         | 1 3 5 6 7 8 9 10 11 | 11.8
Poison Magic   | 1 2 3 4 5 6 7 8 9 10 | 10.6
Invocations    | 2 3 5 6 7 8 9 10 11 12 | 12.2
Shields        | 1 2 3 4 5 6 7 8 9 10 12 13 14 | 14.7
Long Blades    | 2 3 4 5 6 7 8 9 |  9.5
Throwing       | 1 |  1.9
Transmutations | 2 3 4 5 6 7 8 9 10 | 10.0
Fire Magic     | 1 3 4 5 6 7 8 9 10 | 10.8
Air Magic      | 1 2 4 5 6 7 8 9 10 12 | 12.7
Unarmed Combat | 2 4 5 6 |  6.1
Polearms       | 1 2 4 6 |  6.8
Evocations     | 1 3 5 6 9 |  9.1
Earth Magic    | 3 4 5 |  5.3

Action                   |  1- 3 |  4- 6 |  7- 9 | 10-12 | 13-15 | 16-18 | 19-21 | 22-24 | 25-27 || total
-------------------------+-------+-------+-------+-------+-------+-------+-------+-------+-------++-------
Melee: Dagger            |    18 |    29 |   106 |   236 |   558 |   325 |   940 |   789 |   847 ||  3848
       Tailslap          |     1 |     3 |    24 |    46 |    88 |    63 |   284 |   260 |   275 ||  1044
       Punch             |       |     1 |     3 |       |       |       |       |       |       ||     4
       Knife             |       |       |       |       |       |       |       |     7 |       ||     7
Throw: Dart              |       |     2 |     9 |    10 |     2 |    28 |       |       |       ||    51
       Javelin           |       |       |       |       |     3 |     2 |       |       |       ||     5
 Cast: Magic Dart        |    59 |    68 |    59 |    16 |     2 |       |       |       |       ||   204
       Searing Ray       |       |     8 |    25 |    10 |     3 |       |       |       |       ||    46
       Iskenderun's Myst |       |       |     7 |    35 |    80 |   138 |   231 |   248 |   260 ||   999
       Olgreb's Toxic Ra |       |       |     1 |    31 |   222 |   181 |   123 |    91 |    28 ||   677
       Ignite Poison     |       |       |       |       |    70 |   117 |    78 |    51 |     9 ||   325
       Sticky Flame      |       |       |       |       |     9 |    16 |     3 |       |       ||    28
       Manifold Assault  |       |       |       |       |    94 |    47 |    10 |     2 |    14 ||   167
       Airstrike         |       |       |       |       |     2 |   244 |   235 |    87 |   557 ||  1125
       Fireball          |       |       |       |       |       |       |       |    20 |     7 ||    27
       Statue Form       |       |       |       |       |       |       |       |     9 |    29 ||    38
Invok: Slouch            |       |       |       |     3 |       |     9 |     3 |     9 |    12 ||    36
       Step From Time    |       |       |       |       |       |       |     1 |     1 |     2 ||     4
Evoke: Wand              |       |       |       |     8 |     7 |       |     1 |     3 |     2 ||    21
       Box of beasts     |       |       |       |       |     1 |     2 |     4 |     2 |     5 ||    14
       Phantom mirror    |       |       |       |       |     1 |     2 |     5 |     2 |     4 ||    14
       Lightning rod     |       |       |       |       |       |     8 |     4 |     2 |    16 ||    30
       Condenser vane    |       |       |       |       |       |       |     3 |     3 |     6 ||    12
       Tin of tremorston |       |       |       |       |       |       |     3 |     5 |    12 ||    20
       Horn of Geryon    |       |       |       |       |       |       |       |       |     6 ||     6
  Use: Scroll            |       |       |     1 |     6 |    17 |    14 |    14 |     3 |     3 ||    58
       Potion            |       |       |     1 |     1 |     4 |     7 |    13 |     4 |     5 ||    35
 Stab: Sleeping          |       |     2 |     3 |     9 |    26 |    13 |    44 |     7 |     1 ||   105
       Distracted        |       |       |       |       |     1 |     3 |     4 |     4 |     2 ||    14
       Petrified         |       |       |       |       |       |       |       |     2 |       ||     2
Armor: Robe              |     6 |     4 |       |       |       |       |       |       |       ||    10
       Ring mail         |       |       |    40 |    75 |   112 |   229 |   229 |   138 |   101 ||   924
       Skin              |       |       |       |       |       |       |       |    97 |   363 ||   460
Dodge: Dodged            |    15 |    29 |    91 |   227 |   334 |   321 |   586 |   436 |   613 ||  2652
Block: Buckler           |       |       |     2 |    66 |   283 |   327 |    21 |       |       ||   699
       Reflection        |       |       |       |       |     6 |    26 |    80 |    39 |    21 ||   172
       Kite shield       |       |       |       |       |       |       |   914 |  1235 |  1813 ||  3962

Table legend: (Time is in decaauts)
 A = Elapsed time spent in this place.
 B = Non-inter-level travel time spent in this place.
 C = Inter-level travel time spent in this place.
 D = Time resting spent in this place.
 E = Time spent auto-exploring this place.
 F = Levels seen in this place.
 G = Mean time per level.
                   A        B        C        D        E       F      G
               +--------+--------+--------+--------+--------+-----+--------+
         Total | 113099 | 103611 |   9488 |  10727 |  73571 |  67 | 1688.0 |
       Dungeon |  24695 |  22389 |   2306 |   2020 |  17183 |  15 | 1646.3 |
        Temple |     74 |     63 |     11 |      0 |     46 |   1 |   74.0 |
          Lair |  12108 |  11160 |    948 |    684 |   8819 |   6 | 2018.0 |
         Swamp |   8112 |   7613 |    499 |   2279 |   4368 |   4 | 2028.0 |
   Spider Nest |   7138 |   6950 |    188 |   1173 |   4911 |   4 | 1784.5 |
  Orcish Mines |   2969 |   2525 |    444 |      0 |   2012 |   2 | 1484.5 |
   Elven Halls |   6128 |   5616 |    512 |    430 |   3726 |   3 | 2042.7 |
        Vaults |  13593 |  11805 |   1788 |    115 |   9221 |   5 | 2718.6 |
         Crypt |   6767 |   5885 |    882 |    700 |   3876 |   3 | 2255.7 |
          Tomb |    106 |    103 |      3 |    100 |      0 |   1 |  106.0 |
        Depths |  11543 |  11006 |    537 |   1454 |   7812 |   4 | 2885.8 |
          Hell |   1938 |   1751 |    187 |    644 |    689 |   1 | 1938.0 |
       Gehenna |   6272 |   5848 |    424 |    464 |   4062 |   7 |  896.0 |
           Zot |   6946 |   6191 |    755 |    265 |   4698 |   4 | 1736.5 |
         Abyss |   1937 |   1937 |      0 |     60 |    970 |   4 |  484.2 |
       Volcano |    425 |    425 |      0 |      0 |    150 |   1 |  425.0 |
        Wizlab |    999 |    999 |      0 |    238 |    432 |   1 |  999.0 |
      Gauntlet |   1341 |   1341 |      0 |    100 |    592 |   1 | 1341.0 |
               +--------+--------+--------+--------+--------+-----+--------+

Top non-repeatable levels by time:
Depths:2: 4345 daAuts
   Geh:7: 2996 daAuts
  Lair:6: 2989 daAuts
Vaults:4: 2914 daAuts
Vaults:5: 2897 daAuts
Vaults:1: 2814 daAuts
   Elf:3: 2750 daAuts
 Crypt:3: 2743 daAuts
Vaults:2: 2734 daAuts
    D:14: 2690 daAuts
Spider:4: 2666 daAuts
Depths:3: 2611 daAuts
 Swamp:2: 2525 daAuts
    D:11: 2481 daAuts
Depths:1: 2411 daAuts
